 Dungeon Crawl Stone Soup version 0.25-a0-942-g87a53962fc (webtiles) character file.

Game seed: 15880600517040419198, levelgen mode: deterministic

203 wullow the Stinger (level 5, -12/35 HPs)
             Began as a Demonspawn Venom Mage on May 7, 2020.
             Killed by divine providence
             ... invoked by an orc priest
              (16 damage)
             ... on level 4 of the Dungeon.
             The game lasted 00:13:10 (4861 turns).

wullow the Stinger (Demonspawn Venom Mage)          Turns: 4861, Time: 00:13:11

Health: -12/35     AC:  5    Str:  9    XL:     5   Next: 51%
Magic:  0/9        EV: 12    Int: 17    God:
Gold:   143        SH:  0    Dex: 15    Spells: 3/9 levels left

rFire    . . .     SeeInvis .   d - +0 dagger
rCold    . . .     Gourm    .   (no shield)
rNeg     . . .     Faith    .   a - +0 robe
rPois    +         Spirit   .   (no helmet)
rElec    .         Reflect  .   t - +1 cloak
rCorr    .         Harm     .   w - +0 pair of gloves
MR       .....                  (no boots)
Stlth    ++........             (no amulet)
HPRegen  0.11/turn              f - ring of wizardry
MPRegen  0.11/turn              q - ring of poison resistance

@: no status effects
A: hooves 1, thin skeletal structure 1
a: no special abilities


You were on level 4 of the Dungeon.
You were not hungry.

You visited 1 branch of the dungeon, and saw 4 of its levels.

You collected 143 gold pieces.

Inventory:

Hand Weapons
 d - a +0 dagger (weapon)
 p - a +0 rapier
 s - a +2 quarterstaff of chaos
 v - a +2 vorpal mace
Missiles
 h - 13 poisoned darts (quivered)
 j - 115 stones
 x - 28 sling bullets
Armour
 a - a +0 robe (worn)
 t - a +1 cloak (worn)
 w - a +0 pair of gloves (worn)
Jewellery
 f - a ring of wizardry (left hand)
 q - a ring of poison resistance (right hand)
Wands
 A - a wand of disintegration (8)
Scrolls
 i - a scroll of blinking
 l - 2 scrolls of identify {unknown}
 n - a scroll of random uselessness {unknown}
 o - a scroll of enchant weapon {unknown}
 u - a scroll of fog {unknown}
 y - a scroll of remove curse
Potions
 b - 2 potions of curing {unknown}
 e - a potion of haste {unknown}
 g - a potion of brilliance {unknown}
 k - 2 potions of lignification {unknown}
 m - a potion of invisibility {unknown}
 r - a potion of heal wounds {unknown}
 z - a potion of mutation {unknown}
Comestibles
 c - 6 rations


   Skills:
 - Level 1.7 Dodging
 - Level 1.7 Stealth
 + Level 2.7 Spellcasting
 * Level 1.7 Conjurations
 * Level 2.9 Transmutations
 * Level 1.8 Air Magic
 + Level 3.7 Poison Magic


You had 3 spell levels left.
You knew the following spells:

 Your Spells              Type           Power        Failure   Level  Hunger
a - Sting                 Tmut/Pois      ##..         1%          1    #......
b - Poisonous Vapours     Pois/Air       ##....       3%          2    ##.....
c - Mephitic Cloud        Conj/Pois/Air  ##......     9%          3    ###....

Your spell library contained the following spells:

 Spells                   Type           Power        Failure   Level  Hunger
 Ignite Poison            Fire/Tmut/Pois #.......     9%          3    ###....
 Olgreb's Toxic Radiance  Pois           ###.....     16%         4    #####..


Dungeon Overview and Level Annotations

Branches:
Dungeon (4/15)
 Temple: D:4-7

Altars:
The Shining One


Innate Abilities, Weirdness & Mutations

You have large cloven feet.
You have a somewhat thin skeletal structure. (Dex +2, Stealth)


Message History

The orc priest is moderately wounded.
The orc priest hits you but does no damage.
The orc priest casts a cantrip, but nothing happens.
The orc priest calls down the wrath of Beogh upon you.
Pain shoots through your body!
Casting: Sting (safe; 1% risk of failure)
Confirm with . or Enter, or press ? or * to list all spells.
Aiming: Sting (safe; 1% risk of failure)
Press: ? - help, Shift-Dir - straight line, f/p - orc priest
Aim: an orc priest, wielding a +0 dagger (heavily wounded, poisoned)
The sting hits the orc priest.
The orc priest looks even sicker.
The orc priest is severely wounded.
The orc priest invokes the aid of Beogh against you.
Beogh smites you!
* * * LOW HITPOINT WARNING * * *
All of the chunks of flesh in your inventory have rotted away.
The orc priest looks more healthy.
The orc priest mumbles some strange prayers to Beogh against you.
Beogh smites you!
You die...

W..W....#####.##.############.#
#######.# # #g..)).......#.# #
#.##o####....##.#.# # #...o#
#.#.....#.##. ###### ####.#
#.#..#..#... .....# #.#
#.#..#..#.# ####.# #.#
#.#..)...## ..##.# #.#
#.#..#....# #....# #@#
#.##.#..#.### ###### #.#
#.##.#W...... #.# #.##.#....###
##### #.# ##.####.##.#<...#
W.W.# ##.. #.......##.#.####
###.# ...#.##..#######.#..
.##W####.#.#..#..........####
.........#.##.#..############
####.#.###.##....#...........


You could see an orc priest, a gnoll and an orc.

Vanquished Creatures
  Crazy Yiuf (D:2)
  A worker ant (D:4)
  A hound skeleton (D:3)
  2 gnolls (D:4)
  3 adders
  2 oozes (D:1)
  2 worms (D:2)
  A leopard gecko (D:2)
  7 orcs
  2 ball pythons (D:1)
  6 bats
  3 giant cockroaches
  7 hobgoblins
  7 jackals
  3 frilled lizards
  6 goblins
  7 kobolds
  13 rats
74 creatures vanquished.

Notes
Turn   | Place    | Note
-------+----------+-------------------------------------------
     0 | D:1      | wullow the Demonspawn Venom Mage began the quest for the
                  | Orb.
     0 | D:1      | Reached XP level 1. HP: 13/13 MP: 3/3
    47 | D:1      | Reached skill level 1 in Transmutations
   287 | D:1      | Gained mutation: You have a somewhat thin skeletal
                  | structure. (Dex +2, Stealth) [demonic ancestry]
   287 | D:1      | Reached XP level 2. HP: 16/19 MP: 0/5
  1009 | D:1      | Learned a level 2 spell: Poisonous Vapours
  1042 | D:1      | Reached XP level 3. HP: 24/24 MP: 4/6
  1751 | D:2      | Learned a level 3 spell: Mephitic Cloud
  1902 | D:2      | Gained mutation: You have large cloven feet. [demonic
                  | ancestry]
  1902 | D:2      | Reached XP level 4. HP: 29/30 MP: 1/7
  1953 | D:2      | Reached skill level 1 in Air Magic
  2182 | D:2      | Found a glowing golden altar of the Shining One.
  2546 | D:2      | Found a runed translucent door.
  2547 | D:2      | Noticed Crazy Yiuf
  2561 | D:2      | Killed Crazy Yiuf
  2711 | D:3      | Reached skill level 1 in Conjurations
  3476 | D:3      | Reached XP level 5. HP: 27/35 MP: 2/9
  3860 | D:4      | Noticed a phantom
  4122 | D:4      | Noticed a phantom
  4861 | D:4      | Killed from afar by an orc priest

Levels and vault maps discovered:
D:1:      dpeg_arrival_simpleton_b, layout_loops_ring
D:2:      layout_basic, lemuel_crystal_altar, uniq_crazy_yiuf_cottage
D:3:      layout_loops_corners, first_ration, minmay_tree_intersection
D:4:      layout_basic

Skill      XL: |  1  2  3  4 |
---------------+-------------+-----
Transmutations | 1 2 |  2.9
Air Magic      | 1 |  1.8
Conjurations   | 1 |  1.7
Dodging        | |  1.7
Stealth        | |  1.7
Spellcasting   | |  2.7
Poison Magic   | |  3.7

Action                   |  1- 3 |  4- 6 || total
-------------------------+-------+-------++-------
Melee: Unarmed           |     4 |       ||     4
       Dagger            |    19 |    28 ||    47
       Kick              |       |     8 ||     8
 Cast: Sting             |    75 |   100 ||   175
       Poisonous Vapours |     3 |     9 ||    12
       Mephitic Cloud    |       |     2 ||     2
  Use: Scroll            |     3 |       ||     3
  Eat: Chunk             |     4 |    10 ||    14
Armor: Robe              |     8 |    22 ||    30
Dodge: Dodged            |    49 |    34 ||    83

Table legend:
 A = Non-vault XP
 B = Vault XP
 C = Vault XP percentage of total XP
 D = Non-vault monster count
 E = Vault monster count
 F = Vault count percentage of total count
                 A         B        C        D         E       F
            +---------+---------+-------+---------+---------+-------
      Total |     252 |      39 |  13.4 |      73 |       1 |   1.4
            +---------+---------+-------+---------+---------+-------
        D:1 |      57 |       0 |   0.0 |      30 |       0 |   0.0
        D:2 |      60 |      39 |  39.4 |      17 |       1 |   5.6
        D:3 |      57 |       0 |   0.0 |      17 |       0 |   0.0
        D:4 |      78 |       0 |   0.0 |       9 |       0 |   0.0
            +---------+---------+-------+---------+---------+-------
